 Dungeon Crawl Stone Soup version 0.28-a0-1510-gd0f6b136d3 (webtiles) character file.

Game seed: 10406960191607602288

1956 hatsuma the Scholar of Death (level 8, -3/45 HPs)
             Began as a Deep Elf Necromancer on Jan 15, 2022.
             Was a Follower of Kikubaaqudgha.
             Succumbed to an orc's poison
             ... on level 8 of the Dungeon on Jan 16, 2022.
             The game lasted 00:57:12 (8311 turns).

hatsuma the Scholar of Death (Deep Elf Necromancer) Turns: 8311, Time: 00:57:13

Health: -3/45      AC:  7    Str:  8    XL:     8   Next: 99%
Magic:  17/19      EV: 14    Int: 23    God:    Kikubaaqudgha [*.....]
Gold:   326        SH:  0    Dex: 15    Spells: 3/19 levels left

rFire   . . .      SeeInvis .   v - +1 quarterstaff (spect)
rCold   . . .      Faith    .   (shield currently unavailable)
rNeg    . . .      Spirit   .   m - +4 robe "Joipuwk" {Contam Rampage Str+3}
rPois   .          Reflect  .   (no helmet)
rElec   .          Harm     .   (no cloak)
rCorr   .          Rampage  +   (no gloves)
Will    .....                   n - +0 pair of boots
Stlth   +++.......              (no amulet)
HPRegen 0.15/turn               o - ring of wizardry
MPRegen 0.16/turn               (no ring)

@: lethally poisoned (-3 -> -23)
A: no striking features
a: Renounce Religion, Receive Corpses


You were on level 8 of the Dungeon.
You worshipped Kikubaaqudgha.
Kikubaaqudgha was aware of your devotion.
You visited 2 branches of the dungeon, and saw 9 of its levels.

You collected 326 gold pieces.

Inventory:

Hand Weapons
 v - a +1 spectral quarterstaff (weapon)
 x - a +0 shortbow of flaming
Missiles
 y - 75 arrows
 z - a throwing net
Armour
 m - the +4 robe "Joipuwk" (worn) {Contam Rampage Str+3}
   (You found it on level 2 of the Dungeon)

   Str:       It affects your strength (+3).
   Contam:    It causes magical contamination when unequipped.
   Rampage:   It bestows one free step when moving towards enemies.
 n - a +0 pair of boots (worn)
Magical Staves
 A - a staff of fire
Jewellery
 o - a ring of wizardry (left hand)
Wands
 f - a wand of iceblast (15)
 k - a wand of flame (24)
Scrolls
 c - a scroll of immolation
 g - 2 scrolls of teleportation {unknown}
 i - a scroll of amnesia {unknown}
 j - a scroll of magic mapping {unknown}
 l - a scroll of torment {unknown}
 q - a scroll of enchant weapon {unknown}
 r - a scroll of enchant armour {unknown}
 t - 2 scrolls of blinking {unknown}
 u - a scroll of noise {unknown}
 w - a scroll of fear {unknown}
 B - 2 scrolls of vulnerability {unknown}
 D - a scroll of holy word {unknown}
 E - a scroll of silence {unknown}
Potions
 a - a potion of ambrosia {unknown}
 b - 2 potions of magic
 d - 2 potions of curing
 e - 2 potions of heal wounds
 h - a potion of might {unknown}
 p - 3 potions of berserk rage {unknown}
 s - a potion of haste {unknown}
 C - a potion of lignification {unknown}


   Skills:
 - Level 2.5 Fighting
 - Level 3.0 Staves
 - Level 5.6 Dodging
 - Level 6.4 Stealth
 - Level 6.0 Spellcasting
 + Level 9.1 Necromancy
 - Level 4.2 Evocations


You had 3 spell levels left.
You knew the following spells:

 Your Spells              Type           Power      Damage    Failure   Level
a - Pain                  Necr           100%       1d9       1%          1
b - Animate Skeleton      Necr           98%        N/A       1%          1
c - Vampiric Draining     Necr           49%        2d9       1%          3
d - Animate Dead          Necr           24%        N/A       1%          4
e - Agony                 Necr           49%        N/A       2%          5
f - Corpse Rot            Necr/Air       54%        N/A       1%          2

Your spell library contained the following spells:

 Spells                   Type           Power      Damage    Failure   Level
 Magic Dart               Conj           24%        1d4       3%          1
 Searing Ray              Conj           12%        2d4       5%          2
 Fulminant Prism          Conj/Hex       3%         3d6       32%         4


Dungeon Overview and Level Annotations

Branches:
Dungeon (8/15)             Temple (1/1) D:5
   Lair: D:8-11

Altars:
Ashenzari
Cheibriados
Dithmenos
Elyvilon
Fedhas
Kikubaaqudgha
Makhleb
Nemelex Xobeh
Okawaru
Qazlal
Ru
Sif Muna
Uskayaw
Vehumet
Wu Jian
Xom
Yredelemnul
Zin
The Shining One

Shops:
D:4 !   D:5 *   D:7 *

Annotations:
D:3 3 runed translucent doors, pigah's ghost, amateur OpWn
D:4 2 transporters, Grinder


Message History

Found 15 gold pieces.
You now have 326 gold pieces (gained 15).
An orc priest comes into view. It is wielding a +0 flail.
The orc priest moves out of view.
Found a stone staircase leading up.
An orc priest comes into view. It is wielding a +0 flail.
Found a dwarf skeleton.
An orc comes into view. It is wielding a +0 whip.
The orc shouts!
The orc priest shouts!
The orc priest calls down the wrath of Beogh upon you.
Beogh smites you!
Found a scroll labelled RANUSS CADI.
Found a leather armour.
The orc priest casts a cantrip, but nothing happens.
There is a stone staircase leading up here.
Casting: Vampiric Draining (safe; 1% risk of failure)
Confirm with . or Enter, or press ? or * to list all spells.
Aiming: Pain (safe; 1% risk of failure)
Press: ? - help, Shift-Dir - straight line, f - orc
Aim: an orc, wielding a +2 flail of venom and wearing a +0 leather armour (chance to affect: 93%)
The orc barely resists.
You rampage towards the orc!
The orc hits you with a +2 flail of venom.
You are poisoned.
Casting: Pain (safe; 1% risk of failure)
Confirm with . or Enter, or press ? or * to list all spells.
You don't know that spell.
Casting: Pain (safe; 1% risk of failure)
Confirm with . or Enter, or press ? or * to list all spells.
You attempt to give life to the dead...
The dead are walking!
You feel sick.
The orc hits you with a +2 flail of venom!
You are lethally poisoned!
The orc priest mumbles some strange prayers to Beogh against you.
Beogh smites you!
* * * LOW HITPOINT WARNING * * *
The orc shouts!
* * * LOW HITPOINT WARNING * * *
You feel very sick.
You die...
Kikubaaqudgha rasps: "You have failed me!
Welcome... death!"

#......#.o.......?.
#................[
###...##...........
#..................
##.............##
#.........oo....#
#..........o....#
######...........###
#.#...........@.##
###...............#
#..............#.Z.#
###....#........#.##
####.#..........#
###....###...#
##.....### .#
##.#.##.## ..
#..#.)...#


You could see 2 orc priests, an orc (ally target) and a friendly dwarf skeleton.

Vanquished Creatures
  An ice beast (D:7)
  An orc warrior (D:8)
  2 sky beasts
  4 centaurs
  A phantom (D:5)
  3 bullfrogs
  A gnoll sergeant (D:6)
  2 scorpions
  A howler monkey (D:7)
  2 centaur zombies
  A jelly (D:7)
  6 hounds
  A centaur skeleton (D:6)
  An orc priest (D:8)
  3 bullfrog skeletons
  An iguana (D:7)
  Ijyb (D:5)
  2 orc wizards (D:7)
  10 gnolls
  9 adders
  A shadow imp (D:7)
  A white imp (D:8)
  3 adder skeletons
  A worm (D:3)
  A dart slug (D:2)
  7 orcs
  3 endoplasms
  4 giant cockroaches
  3 goblins
  7 hobgoblins
  4 jackals (D:2)
  5 ball pythons
  3 bats
  2 frilled lizards (D:1)
  8 kobolds
  2 rats (D:1)
108 creatures vanquished.

Vanquished Creatures (collateral kills)
  2 gnolls (D:6)
  An orc (D:8)
  A quokka (D:5)
  A frilled lizard (D:2)
5 creatures vanquished.

Vanquished Creatures (others)
  An orc wizard (D:8)
1 creature vanquished.

Grand Total: 114 creatures vanquished

Notes
Turn   | Place    | Note
-------+----------+-------------------------------------------
     0 | D:1      | hatsuma the Deep Elf Necromancer began the quest for the
                  | Orb.
     0 | D:1      | Reached XP level 1. HP: 10/10 MP: 6/6
     2 | D:1      | Learned a level 1 spell: Animate Skeleton
   183 | D:1      | Reached skill level 1 in Fighting
   347 | D:1      | Reached skill level 5 in Necromancy
   463 | D:1      | Reached XP level 2. HP: 15/16 MP: 6/8
  1036 | D:2      | Reached XP level 3. HP: 15/20 MP: 4/9
  1125 | D:2      | Learned a level 3 spell: Vampiric Draining
  1479 | D:2      | Identified the +4 robe "Joipuwk" {Contam Rampage Str+3}
  1647 | D:3      | Reached skill level 6 in Necromancy
  2029 | D:3      | Reached XP level 4. HP: 8/25 MP: 10/10
  2264 | D:3      | Found a runed translucent gate.
  2264 | D:3      | Found a runed translucent gate.
  2264 | D:3      | Found a runed translucent gate.
  2271 | D:3      | Noticed pigah's ghost (amateur OpWn)
  2432 | D:3      | Found a glowing silver altar of Zin.
  2739 | D:3      | Learned a level 4 spell: Animate Dead
  2759 | D:4      | Found a transporter.
  3000 | D:4      | Found a hide-covered altar of Uskayaw.
  3309 | D:4      | Found a broken altar of Ashenzari.
  3316 | D:4      | Found a white marble altar of Elyvilon.
  3321 | D:4      | Found a shimmering altar of Xom.
  3336 | D:4      | Found a transporter.
  3362 | D:4      | Noticed an ogre
  3366 | D:4      | Noticed Grinder
  3382 | D:4      | Noticed a necrophage
  3457 | D:4      | Found Bumoxi's Distillery.
  3524 | D:4      | HP: 1/25 [bullfrog zombie (3)]
  3946 | D:5      | Entered Level 5 of the Dungeon
  3964 | D:5      | Reached XP level 5. HP: 27/29 MP: 9/13
  4035 | D:5      | Found Xaxt's Elemental Accessories.
  4047 | D:5      | Reached skill level 1 in Staves
  4222 | D:5      | Reached XP level 6. HP: 26/34 MP: 3/14
  4503 | D:5      | Reached skill level 1 in Evocations
  4509 | D:5      | Found an iron altar of Okawaru.
  4542 | D:5      | Found a staircase to the Ecumenical Temple.
  4558 | Temple   | Entered the Ecumenical Temple
  4757 | Temple   | Became a worshipper of Kikubaaqudgha
  4779 | D:5      | Noticed Ijyb
  4787 | D:5      | Killed Ijyb
  5103 | D:5      | Reached skill level 7 in Necromancy
  5372 | D:6      | Reached XP level 7. HP: 29/38 MP: 5/15
  5378 | D:6      | Learned a level 5 spell: Agony
  5821 | D:6      | Reached skill level 8 in Necromancy
  5848 | D:6      | Reached skill level 5 in Spellcasting
  5943 | D:6      | Reached XP level 8. HP: 45/45 MP: 9/17
  6441 | D:7      | Reached skill level 9 in Necromancy
  6483 | D:7      | Reached * piety under Kikubaaqudgha
  6483 | D:7      | Received a gift from Kikubaaqudgha
  6487 | D:7      | Learned a level 2 spell: Corpse Rot
  6525 | D:7      | Found Cutrun's General Store.
  6778 | D:7      | Reached skill level 5 in Dodging
  7386 | D:7      | Reached skill level 5 in Stealth
  8310 | D:8      | HP: 2/45 [poisoned by an orc]
  8311 | D:8      | Succumbed to an orc's poison

Illustrated notes

Levels and vault maps discovered:
D:1:      enne_arrival_octagon_isle, layout_basic
D:2:      layout_rooms, st_stairs_1
D:3:      minmay_angry_zag, layout_loops_ring, nicolae_overflow_crystal_walls,
          gammafunk_ghost_split, minmay_misc_feat_columns
D:4:      gammafunk_wand_slinger, layout_cave_pools,
          mainiacjoe_overflow_surrounded_room, minmay_overflow_temple_star_quad,
          serial_shops, nicolae_shop_statue_plus, serial_column_ruins,
          column_ruins_hut, column_ruins_hut, column_ruins_columns_straight,
          column_ruins_open_small_water, column_ruins_corridor_straight,
          uniq_natasha, uniq_grinder
D:5:      layout_basic, okawaru_altar_gauntlet_db,
          minmay_temple_entry_antechambers, nicolae_elemental_shop, uniq_ijyb
D:6:      layout_basic, minmay_misc_feat_tower
D:7:      minmay_general_purpose_star, layout_loops_corners,
          nicolae_stop_n_shop_1
D:8:      layout_cave_pools, mainiacjoe_overflow_alcove_2, dpeg_lair_monsters,
          enter_bailey_3, grunt_ogre_cave, chequers_mini_garden
Temple:   dshaligram_water_room_temple

Skill      XL: |  1  2  3  4  5  6  7  8 |
---------------+-------------------------+-----
Fighting       | 1 2 |  2.5
Necromancy     | 5 6 7 8 9 |  9.1
Stealth        | 3 4 6 |  6.4
Dodging        | 3 4 5 |  5.6
Spellcasting   | 4 5 6 |  6.0
Staves         | 2 3 |  3.0
Evocations     | 3 4 |  4.2

Action                   |  1- 3 |  4- 6 |  7- 9 || total
-------------------------+-------+-------+-------++-------
Melee: Quarterstaff      |     8 |    68 |    50 ||   126
 Cast: Pain              |    61 |    62 |    69 ||   192
       Animate Skeleton  |     7 |     7 |     8 ||    22
       Vampiric Draining |       |     3 |    16 ||    19
       Agony             |       |       |     2 ||     2
       Corpse Rot        |       |       |     1 ||     1
Evoke: Wand              |       |     2 |       ||     2
  Use: Scroll            |     1 |     5 |       ||     6
 Stab: Sleeping          |       |     2 |     2 ||     4
Armor: Robe              |     2 |    39 |    39 ||    80
Dodge: Dodged            |    13 |    56 |    81 ||   150

Table legend: (Time is in decaauts)
 A = Elapsed time spent in this place.
 B = Non-inter-level travel time spent in this place.
 C = Inter-level travel time spent in this place.
 D = Time resting spent in this place.
 E = Time spent auto-exploring this place.
 F = Levels seen in this place.
 G = Mean time per level.
                   A        B        C        D        E       F      G
               +--------+--------+--------+--------+--------+-----+--------+
         Total |   8337 |   7959 |    378 |   2148 |   4130 |   9 |  926.3 |
       Dungeon |   8124 |   7757 |    367 |   2023 |   4130 |   8 | 1015.5 |
        Temple |    212 |    201 |     11 |    125 |      0 |   1 |  212.0 |
               +--------+--------+--------+--------+--------+-----+--------+

Top non-repeatable levels by time:
     D:7: 1651 daAuts
     D:3: 1545 daAuts
     D:5: 1207 daAuts
     D:6: 1170 daAuts
     D:2: 821 daAuts
     D:1: 795 daAuts
     D:4: 791 daAuts
  Temple: 212 daAuts
     D:8: 141 daAuts
